 Dungeon Crawl Stone Soup version 0.27.1-2-g3b301248ec (webtiles) character file.

Game seed: 9381155206545214853

161 Jahmms the Shield-Bearer (level 5, -3/28 HPs)
             Began as a Vine Stalker Fighter on Oct 1, 2021.
             Slain by a gnoll (8 damage)
             ... on level 4 of the Dungeon.
             The game lasted 00:15:07 (1854 turns).

Jahmms the Shield-Bearer (Vine Stalker Fighter)     Turns: 1854, Time: 00:15:08

Health: -3/28      AC:  6    Str: 19    XL:     5   Next: 42%
Magic:  0/6        EV: 11    Int:  8    God:
Gold:   58         SH:  9    Dex: 14    Spells: 4/4 levels left

rFire    . . .     SeeInvis .   q - +0 mace
rCold    . . .     Faith    .   c - +0 kite shield
rNeg     . . .     Spirit   +   b - +0 scale mail
rPois    .         Reflect  .   (no helmet)
rElec    .         Harm     .   (no cloak)
rCorr    .         Rampage  .   (no gloves)
Will     .....                  (no boots)
Stlth    ..........             (no amulet)
HPRegen  1.09/turn              f - +4 ring of evasion
MPRegen  0.10/turn              (no ring)

@: mighty, lit by a corona, glowing
A: fangs 2, regeneration 1, magic shield, antimagic bite, no potion heal 2
a: no special abilities


You were on level 4 of the Dungeon.
You visited 1 branch of the dungeon, and saw 4 of its levels.

You collected 58 gold pieces.

Inventory:

Hand Weapons
 a - a +0 flail
 e - a +0 club
 i - a +0 spear
 l - a +0 mace
 p - a +0 short sword
 q - a +0 mace (weapon)
 r - a +0 morningstar
 u - a +1 short sword of flaming
 v - a +0 quarterstaff
Missiles
 k - 30 poisoned darts (quivered)
 s - 45 arrows
Armour
 b - a +0 scale mail (worn)
 c - a +0 kite shield (worn)
 n - a +0 leather armour
Magical Staves
 j - a staff of conjuration
Jewellery
 f - a +4 ring of evasion (left hand)
Scrolls
 h - 2 scrolls of enchant armour {unknown}
 o - a scroll of blinking {unknown}
 t - a scroll of identify {unknown}
Potions
 g - a potion of invisibility {unknown}
 m - a potion of attraction {unknown}
 w - a potion of flight {unknown}


   Skills:
 + Level 3.2 Fighting
 + Level 3.0 Maces & Flails
 + Level 3.2 Armour
 + Level 0.7 Dodging
 + Level 0.1 Stealth
 + Level 3.5 Shields


You had 4 spell levels left.
You didn't know any spells.
Your spell library was empty.

Dungeon Overview and Level Annotations

Branches:
Dungeon (4/15)
 Temple: D:4-7

Altars:


Innate Abilities, Weirdness & Mutations

You have extremely sharp teeth.
Your natural rate of healing is unusually fast.
When hurt, damage is shared between your health and your magic reserves.
Your bite disrupts and absorbs the magic of your enemies.
Potions cannot restore your health.


Message History

The gnoll shaman invokes the aid of its god against you.
You are outlined in light.
You block the gnoll's attack.
The gnoll shouts!
You hit the gnoll.
The gnoll is lightly wounded.
The gnoll hits you but does no damage.
You sock the gnoll! Your bite misses the gnoll.
The gnoll is severely wounded.
The gnoll hits you with a +0 club. The gnoll closely misses you.
You closely miss the gnoll. You bite the gnoll. You drain its power.
The gnoll is almost dead.
The gnoll shaman calls upon its god to heal the gnoll.
The gnoll is healed somewhat.
You block the gnoll's attack.
You hit the gnoll.
You kill the gnoll!
The gnoll shaman hits you with a +0 club!
A gnoll comes into view. It is wielding a +0 club.
You block the gnoll's attack.
You barely miss the gnoll shaman. You bite the gnoll shaman.
You drain its power.
You feel invigorated.
The gnoll shaman is lightly wounded.
You block the gnoll shaman's attack. The gnoll barely misses you.
The gnoll shaman hits you with a +0 club.
You closely miss the gnoll shaman. Your bite misses the gnoll shaman.
The gnoll shaman is lightly wounded.
The gnoll hits you from afar with a +0 halberd.
You block the gnoll shaman's attack. You block the gnoll's attack.
You feel very mighty all of a sudden.
The gnoll shaman hits you with a +0 club.
The gnoll hits you from afar with a +0 halberd.
You sock the gnoll shaman! You bite the gnoll shaman!
You kill the gnoll shaman!
The gnoll hits you from afar with a +0 halberd!
* * * LOW HITPOINT WARNING * * *
The gnoll barely misses you.
Your Maces & Flails skill increases to level 3!
You sock the gnoll!
You kill the gnoll!
The gnoll hits you from afar with a +0 halberd!
You die...

#.. #...# ##. .## .# ...## #..#
##.. ..#. ....####..###... ##...
......#...##...####..#
..#......##.........#
.#<.................##
##...##........##g...# ##
#...###........)))...### ##.#
#..####.........@......### ..#
..###.....##.............###.###
.###......#####.....##......##.#
..........# #.##...##.....#.#
...##...#.## ##.###..##......#
..###..##..# #..# #.....##..##
.####.####.###.## ##..####..#
.###..# #......#####.## #..##
......###........##..# ##..#


You could see a gnoll.

Vanquished Creatures
  An ogre (D:4)
  A gnoll shaman (D:4)
  2 gnolls (D:4)
  An adder skeleton (D:4)
  An orc (D:3)
  6 ball pythons
  2 bats (D:3)
  3 endoplasms
  A giant cockroach (D:1)
  3 goblins
  2 hobgoblins
  2 jackals (D:1)
  A frilled lizard (D:3)
  2 kobolds
  A rat (D:2)
29 creatures vanquished.

Vanquished Creatures (others)
  4 plants (D:1)
4 creatures vanquished.

Grand Total: 33 creatures vanquished

Notes
Turn   | Place    | Note
-------+----------+-------------------------------------------
     0 | D:1      | Jahmms the Vine Stalker Fighter began the quest for the
                  | Orb.
     0 | D:1      | Reached XP level 1. HP: 11/11 MP: 2/2
   160 | D:1      | Reached XP level 2. HP: 13/16 MP: 1/3
   280 | D:1      | Found a faded altar of an unknown god.
  1282 | D:3      | Reached XP level 3. HP: 20/20 MP: 4/4
  1704 | D:4      | Noticed an ogre
  1718 | D:4      | Killed an ogre
  1719 | D:4      | Gained mutation: Your natural rate of healing is unusually
                  | fast. [Vine Stalker growth]
  1719 | D:4      | Reached XP level 4. HP: 22/24 MP: 3/5
  1719 | D:4      | Reached XP level 5. HP: 25/28 MP: 3/6
  1854 | D:4      | Slain by a gnoll

Illustrated notes

Levels and vault maps discovered:
D:1:      kennysheep_arrival_seaside, layout_loops_ring,
          shapermc_ecumenical_altar_totnotflames
D:2:      layout_basic, minmay_hexomino_f4
D:3:      layout_basic
D:4:      layout_layer_cave, nicolae_overflow_crystal_walls, serial_shops,
          nicolae_square_shop, st_stairs_10

Skill      XL: |  1  2  3  4  5 |
---------------+----------------+-----
Shields        | 3 |  3.5
Fighting       | 3 |  3.2
Maces & Flails | 2 3 |  3.0
Armour         | 3 |  3.2
Dodging        | |  0.7
Stealth        | |  0.1

Action                   |  1- 3 |  4- 6 || total
-------------------------+-------+-------++-------
Melee: Flail             |    67 |       ||    67
       Bite              |    28 |     3 ||    31
       Mace              |     7 |    10 ||    17
  Use: Potion            |     1 |     1 ||     2
Armor: Scale mail        |    39 |     3 ||    42
Dodge: Dodged            |    55 |     3 ||    58
Block: Kite shield       |    47 |     6 ||    53
